 Dungeon Crawl Stone Soup version 0.30-a0-377-g5cb311bc9f (webtiles) character file.

Game seed: 9867968966143891946

126 mopl the Caller (level 5, 0/28 HPs)
             Began as a Tengu Summoner on Nov 28, 2022.
             Succumbed to a scorpion's poison
             ... on level 4 of the Dungeon.
             The game lasted 00:04:57 (2975 turns).

mopl the Caller (Tengu Summoner)                    Turns: 2975, Time: 00:04:57

Health: 0/28       AC:  2    Str:  9    XL:     5   Next: 9%
Magic:  0/11       EV: 14    Int: 17    God:
Gold:   154        SH:  0    Dex: 14    Spells: 1/10 levels left

rFire   . . .      SeeInvis .    r - +1 whip (elec)
rCold   . . .      Faith    .    (no shield)
rNeg    . . .      Spirit   .    a - +0 robe
rPois   .          Reflect  .    c - +0 hat
rElec   .          Harm     .    (no cloak)
rCorr   .          Rampage  .    (no gloves)
Will    .....                    (boots unavailable)
Stlth   ++........               (no amulet)
HPRegen 0.24/turn                (no ring)
MPRegen 0.12/turn                (no ring)

@: lethally poisoned (0 -> -13), flying quickly and evasively, quick
A: beak, talons 3, nimble flight
a: no special abilities


You were on level 4 of the Dungeon.
You visited 1 branch of the dungeon, and saw 4 of its levels.

You collected 154 gold pieces.

Inventory:

Hand Weapons
 g - a +0 dagger
 k - a +0 short sword of speed
 n - a +0 halberd
 r - a +1 whip of electrocution (weapon)
Missiles
 p - 2 boomerangs
Armour
 a - a +0 robe (worn)
 c - a +0 hat (worn)
Wands
 u - a wand of iceblast (8)
 w - a wand of polymorph (12)
Scrolls
 d - a scroll of fear {unknown}
 i - 2 scrolls of immolation {unknown}
 m - a scroll of vulnerability {unknown}
 t - a scroll of fog {unknown}
 x - a scroll of magic mapping {unknown}
 y - a scroll of noise {unknown}
Potions
 b - a potion of magic
 e - a potion of curing
 h - 2 potions of ambrosia
 j - 5 potions of heal wounds {unknown}
 l - a potion of attraction {unknown}
 o - 2 potions of lignification {unknown}
 s - 2 potions of haste {unknown}
 v - 2 potions of flight {unknown}


   Skills:
 - Level 2.1 Dodging
 - Level 2.0 Stealth
 + Level 3.4 Spellcasting
 + Level 0.7 Hexes
 + Level 6.2 Summonings


You had one spell level left.
You knew the following spells:

 Your Spells              Type           Power      Damage    Failure   Level
a - Summon Small Mammal   Summ           96%        N/A       1%          1
b - Call Imp              Summ           24%        N/A       1%          2
c - Call Canine Familiar  Summ           24%        N/A       4%          3
g - Summon Guardian Gole  Hex/Summ       14%        N/A       12%         3

Your spell library contained the following spells:

 Spells                   Type           Power      Damage    Failure   Level
 Magic Dart               Conj           8%         1d3       17%         1
 Ensorcelled Hibernation  Hex/Ice        8%         N/A       22%         2
 Passwall                 Tmut/Erth      1%         N/A       26%         2
 Summon Lightning Spire   Summ/Air       13%        N/A       43%         4
 Mephitic Cloud           Conj/Pois/Air  2%         N/A       45%         3
 Swiftness                Air            2%         N/A       45%         3


Dungeon Overview and Level Annotations

Branches:
Dungeon (4/15)
 Temple: D:4-7

Altars:

Shops:
D:1 :


Innate Abilities, Weirdness & Mutations

You have a beak for a mouth.
You have claws for feet.
Your magical nature lets you fly swiftly and evasively.


Message History

The kobold closely misses you. The orc barely misses you.
You hit the kobold.
You kill the kobold!
The orc hits you with a +0 hand axe.
* * * LOW HITPOINT WARNING * * *
Unknown command.
You swap places.
The scorpion completely misses your hound.
Your hound closely misses the scorpion.
The orc hits your hound with a +0 hand axe.
The scorpion closely misses your hound.
Unknown command.
Casting: Call Canine Familiar (dangerous; 4% risk of failure)
Confirm with . or Enter, or press ? or * to list all spells.
A beastly little devil appears in a puff of frigid air.
Your crimson imp disappears in a puff of smoke!
Your hound bites the scorpion.
Your hound bites the orc.
The orc hits your hound with a +0 hand axe!
The scorpion closely misses your hound.
Unknown command.
Your hound barely misses the orc.
The scorpion stings your hound.
The orc hits your hound with a +0 hand axe.
Your hound bites the orc.
The orc dies!
The scorpion barely misses your hound.
Your hound closely misses the scorpion.
Your white imp hits the scorpion.
Your white imp freezes the scorpion.
Your hound bites the scorpion but does no damage.
The scorpion stings your hound!
Your hound dies!
Your hound's corpse disappears in a puff of smoke!
Your white imp hits the scorpion.
Your white imp freezes the scorpion.
Casting: Call Imp (safe; 1% risk of failure)
Confirm with . or Enter, or press ? or * to list all spells.
Your white imp barely misses the scorpion.
The scorpion stings you.
* * * LOW HITPOINT WARNING * * *
You are lethally poisoned!
The scorpion poisons you!
You swap places.
You die...

#....# #.
################....####.
#.....#.............'....
#.......########....####.
##..........# #....##...
##...........# #....##.#.
.............# #....##.#.
++#.#.!5....# #######.##
#...)sh@..# #......##
###.)###### #........
#![..'†## #......##
#[!..'.# ########
######.# ..# #.. ...#.
#.##.##


You could see a scorpion (ally target), a friendly hound (summoned) and a
friendly white imp (summoned).

Vanquished Creatures
  3 worms (D:2)
  2 dart slugs
  An orc (D:3)
  5 ball pythons
  4 bats
  An endoplasm (D:3)
  4 giant cockroaches
  7 goblins
  4 hobgoblins
  11 jackals
  3 quokkas
  4 frilled lizards
  10 kobolds
  5 rats
64 creatures vanquished.

Vanquished Creatures (collateral kills)
  2 adders (D:2)
  A shadow imp (D:3)
  3 orcs
  A giant cockroach (D:4)
  A hobgoblin (D:3)
  A jackal (D:1)
  A kobold (D:2)
  3 frilled lizards
13 creatures vanquished.

Grand Total: 77 creatures vanquished

Notes
Turn   | Place    | Note
-------+----------+-------------------------------------------
     0 | D:1      | mopl the Tengu Summoner began the quest for the Orb.
     0 | D:1      | Reached XP level 1. HP: 10/10 MP: 4/4
     6 | D:1      | Noticed a black bear
     6 | D:1      | Noticed a redback
     7 | D:1      | Noticed a water moccasin
     7 | D:1      | Noticed a wyvern
    71 | D:1      | Reached skill level 5 in Summonings
   192 | D:1      | Reached XP level 2. HP: 10/15 MP: 3/6
   211 | D:1      | Learned a level 2 spell: Call Imp
   441 | D:1      | Reached XP level 3. HP: 5/19 MP: 5/7
   442 | D:1      | Found Xamaj's Book Shoppe.
   613 | D:1      | Learned a level 3 spell: Call Canine Familiar
  1172 | D:2      | Reached skill level 3 in Spellcasting
  1233 | D:2      | Reached XP level 4. HP: 24/24 MP: 9/9
  1243 | D:2      | Found a faded altar of an unknown god.
  1504 | D:2      | Learned a level 3 spell: Summon Guardian Golem
  1683 | D:2      | Reached skill level 6 in Summonings
  2556 | D:3      | Gained mutation: Your magical nature lets you fly swiftly
                  | and evasively. [Tengu growth]
  2556 | D:3      | Reached XP level 5. HP: 14/28 MP: 9/11
  2975 | D:4      | Succumbed to a scorpion's poison

Illustrated notes

Levels and vault maps discovered:
D:1:      onia_arrival_zoo_common, layout_basic, serial_shops, shop_fountains
D:2:      layout_basic, ebering_ecumenical_altar_webs
D:3:      layout_loops_ring, st_stairs_10, dreamdust_princess_corridor
D:4:      layout_basic, nicolae_hepliaklqana_hippocampus, minmay_mini_jars,
          uniq_duvessa

Skill      XL: |  1  2  3  4 |
---------------+-------------+-----
Summonings     | 5 6 |  6.2
Spellcasting   | 3 |  3.4
Dodging        | |  2.1
Stealth        | |  2.0
Hexes          | |  0.7

Action                   |  1- 3 |  4- 6 || total
-------------------------+-------+-------++-------
Melee: Unarmed           |    33 |       ||    33
       Kick              |    33 |    19 ||    52
       Peck              |    15 |    11 ||    26
       Punch             |     2 |       ||     2
       Dagger            |    54 |       ||    54
       Short sword       |    50 |       ||    50
       Halberd           |    13 |    18 ||    31
       Whip              |       |    58 ||    58
 Cast: Summon Small Mamm |     5 |       ||     5
       Call Canine Famil |     1 |     5 ||     6
       Call Imp          |       |     3 ||     3
  Use: Scroll            |       |     3 ||     3
       Potion            |       |     1 ||     1
 Stab: Sleeping          |     5 |     4 ||     9
Armor: Robe              |    21 |    14 ||    35
Dodge: Dodged            |    89 |    55 ||   144

Table legend: (Time is in decaauts)
 A = Elapsed time spent in this place.
 B = Non-inter-level travel time spent in this place.
 C = Inter-level travel time spent in this place.
 D = Time resting spent in this place.
 E = Time spent auto-exploring this place.
 F = Levels seen in this place.
 G = Mean time per level.
                   A        B        C        D        E       F      G
               +--------+--------+--------+--------+--------+-----+--------+
         Total |   2945 |   2879 |     66 |    323 |   1927 |   4 |  736.2 |
       Dungeon |   2945 |   2879 |     66 |    323 |   1927 |   4 |  736.2 |
               +--------+--------+--------+--------+--------+-----+--------+

Top non-repeatable levels by time:
     D:1: 1145 daAuts
     D:2: 867 daAuts
     D:3: 744 daAuts
     D:4: 189 daAuts
